 Dungeon Crawl Stone Soup version 0.16.1-2-g95b8d4c (webtiles) character file.

53 Woebin the Caller (level 3, -5/19 HPs)
             Began as a Deep Elf Summoner on Mar 24, 2015.
             Killed from afar by Sigmund (6 damage)
             ... with a puff of flame
             ... on level 3 of the Dungeon.
             The game lasted 00:13:32 (2738 turns).

Woebin the Caller (Deep Elf Summoner)               Turns: 2738, Time: 00:13:32

Health: -5/19      AC:  4    Str:  5    XL:     3   Next: 62%
Magic:  4/12       EV: 13    Int: 20    God:
Gold:   115        SH:  0    Dex: 15    Spells: 2 memorised, 6 levels left

rFire  . . .     SeeInvis .     n - -1 trident (curse)
rCold  . . .     Clarity  .     a - +0 robe
rNeg   + . .     SustAb   .     (no shield)
rPois  .         Gourm    .     m - +1 helmet
rElec  .         Spirit   .     (no cloak)
rCorr  .         Warding  .     (no gloves)
rMut   .         Stasis   .     (no boots)
MR     .....                    (no amulet)
Stlth  +.........               q - ring of loudness (curse)
                                p - ring of positive energy

@: not resistant to hostile enchantments, very unstealthy
A: no striking features
a: no special abilities


You were on level 3 of the Dungeon.
You were not hungry.

You visited 1 branch of the dungeon, and saw 3 of its levels.

You collected 115 gold pieces.

Inventory:

Hand weapons
 e - a +0 spear
 n - a cursed -1 trident (weapon)
Missiles
 k - 47 sling bullets
 l - 15 poisoned needles
 s - 3 javelins (quivered)
 t - a tomahawk
Armour
 a - a +0 robe (worn)
 m - a +1 helmet (worn)
Jewellery
 p - a ring of positive energy (left hand)
 q - a cursed ring of loudness (right hand)
Scrolls
 o - a scroll of enchant armour
 r - a scroll of amnesia
Potions
 h - 3 potions of curing {unknown}
 i - a potion of magic {unknown}
 j - a potion of degeneration {unknown}
Books
 b - a book of Callings

   Spells                             Type                      Level
   a - Summon Small Mammal            Summoning                    1
   b - Call Imp                       Summoning                    2
   c - Call Canine Familiar           Summoning                    3
   d - Summon Guardian Golem          Hexes/Summoning              4
   e - Summon Lightning Spire         Summoning/Air                4
   f - Summon Ice Beast               Ice/Summoning                4
Comestibles
 c - 5 bread rations
 f - a royal jelly
 g - 2 meat rations


   Skills:
 + Level 0.1 Polearms
 + Level 2.7 Dodging
 + Level 3.0 Stealth
 + Level 4.0 Spellcasting
 + Level 5.0 Summonings


You had 6 spell levels left.
You knew the following spells:

 Your Spells              Type           Power        Failure   Level  Hunger
a - Summon Small Mammal   Summ           ###.         1%          1    None
b - Call Canine Familiar  Summ           ###.....     6%          3    ###....


Dungeon Overview and Level Annotations

Branches:
Dungeon (3/15)

Altars:
Xom

Annotations:
D:3 Sigmund


Message History

Something hits you.
You completely miss something.
Your quokka closely misses something.
Your bat hits something.
You hear a zap.
The puff of frost hits you!
Your quokka closely misses something.
You closely miss something.
Your bat hits something but does no damage.
You hear a zap.
The puff of frost hits you!
* * * LOW HITPOINT WARNING * * *
Your quokka closely misses something.
Your bat hits something but does no damage.
Your quokka bites something but does no damage.
Something hits you but does no damage.
Your bat barely misses something.
Your quokka barely misses something.
Your bat completely misses something.
Your hound bites your quokka but does no damage.
You hear some strange, mumbled words.
The puff of flame hits you!
You die...

#.#.#.###.#.##...##
##.§§§.
#.#.#.###.......##
####
#...........###)#
#####.###.### #.#
#.###.#####h##
#.......##...##
#####.#.#..)r.#
#....<...r#########
#..#.###@#r........
#....)..b.{.#######
#.##...)....#
#.######....#
#.######.####
######........#
#.........###.#
#..######.# #.#
#..#..# #§# #.#


You could see a friendly hound (confused), 2 friendly quokkas and a friendly
bat.

Vanquished Creatures
  An adder (D:2)
  A goblin (D:3)
  3 hobgoblins
  3 jackals (D:2)
  A ball python (D:1)
  A giant newt (D:1)
  3 kobolds (D:2)
  2 rats
15 creatures vanquished.

Vanquished Creatures (collateral kills)
  An adder (D:2)
  A giant gecko (D:2)
  4 orcs (D:3)
  5 bats
  6 hobgoblins
  5 jackals (D:2)
  A quokka (D:2)
  A giant newt (D:1)
  4 goblins
  7 kobolds
  A rat (D:1)
36 creatures vanquished.

Vanquished Creatures (others)
  2 hounds (D:3)
  7 quokkas
  8 bats
  5 rats
22 creatures vanquished.

Grand Total: 73 creatures vanquished

Notes
Turn   | Place    | Note
--------------------------------------------------------------
     0 | D:1      | Woebin, the Deep Elf Summoner, began the quest for the Orb.
     0 | D:1      | Reached XP level 1. HP: 10/10 MP: 5/5
   711 | D:1      | Reached XP level 2. HP: 12/15 MP: 0/8
  1521 | D:2      | Found a shimmering altar of Xom.
  1538 | D:2      | Reached XP level 3. HP: 17/19 MP: 8/11
  1560 | D:2      | Learned a level 3 spell: Call Canine Familiar
  1870 | D:2      | Reached skill level 5 in Summonings
  2421 | D:3      | Noticed Sigmund
  2738 | D:3      | Killed from afar by Sigmund

Action                   || total
-------------------------++-------
Melee: Spear             ||    15
       Short sword       ||     2
       Trident           ||    52
Throw: Javelin           ||     1
 Cast: Summon Small Mamm ||    80
       Call Canine Famil ||    10
  Use: Scroll            ||     5
 Stab: Distracted        ||     4
       Sleeping          ||     4
  Eat: Chunk             ||     3
       Bread ration      ||     1
       Pizza             ||     1
